AoeStats
← simplicissimus

Arabia

507493843Analyzed
1v1 RM · 14d ago on Sep 18, 2026· 45m 34s· 2 players
Game mode
Random Map
Map size
Tiny (2 player)
Population
200
Speed
Normal
Resources
Standard
Victory
Conquest
Starting age
Dark Age
Ending age
Imperial Age
RankedLock teamsTeams togetherTeam positionsShared explorationLock speedFull tech treeHidden civsTurbo modeCheats
Victory
Defeat
🇩🇪 Sicilians · Germany
1109
+17
🇲🇽 Gurjaras · Mexico
1128
-17
simplicissimus
5:21 Loom
10:49 Feudal Age
11:23 Double-Bit Axe
11:21 Horse Collar
16:07 Wheelbarrow
21:05 Castle Age
20:33 Scale Mail Armor
22:09 Bow Saw
21:24 Pikeman
22:48 Heavy Plow
28:08 Stone Mining
29:57 Chain Mail Armor
32:11 Gold Mining
32:41 Forging
35:11 Imperial Age
33:04 Hand Cart
32:38 Town Watch
34:02 Iron Casting
34:15 Gold Shaft Mining
33:43 Fletching
34:14 Squires
34:03 Arson
34:43 Padded Archer Armor
35:19 Ballistics
35:19 Bodkin Arrow
34:47 Crossbowman
36:37 Plate Mail Armor
35:32 Halberdier
37:14 Blast Furnace
37:02 Crop Rotation
37:39 Chemistry
37:19 Bracer
37:34 Bloodlines
37:25 Husbandry
38:19 Conscription
38:35 Hoardings
38:33 Leather Archer Armor
38:25 Scale Barding Armor
37:46 Light Cavalry
39:49 Arbalester
41:19 Siege Engineers
41:25 Masonry
43:35 Chain Barding Armor
Oswald
7:16 Loom
9:39 Feudal Age
10:20 Double-Bit Axe
11:28 Forging
13:38 Horse Collar
17:16 Gold Mining
21:59 Castle Age
20:39 Bloodlines
20:42 Scale Barding Armor
24:26 Wheelbarrow
24:46 Husbandry
30:06 Imperial Age
28:38 Sanctity
28:57 Bow Saw
28:51 Heavy Plow
31:24 Hand Cart
32:10 Ballistics
33:21 Gold Shaft Mining
32:47 Elite Chakram Thrower
33:32 Fletching
34:06 Kshatriyas
35:59 Bodkin Arrow
36:18 Town Watch
37:00 Town Patrol
44:46 Heavy Camel Rider
44:47 Elite Shrivamsha Rider
Connection lost

Rejoining the realm…

Still unreachable

The connection could not be restored.

Session expired

The server has moved on; the page needs a fresh start.